 Dungeon Crawl Stone Soup version 0.31-a0-75-g6fe912e8c5 (webtiles) character file.

Game seed: 13383960543968445119

1468 lunkers the Slicer (level 9, -5/72 HPs)
             Began as a Meteoran Wanderer on May 24, 2023.
             Was a Believer of Okawaru.
             Slain by a boulder beetle (11 damage)
             ... on level 7 of the Dungeon.
             The game lasted 00:07:06 (2453 turns).

lunkers the Slicer (Meteoran Wanderer)              Turns: 2453, Time: 00:07:07

Health: -5/72      AC: 10    Str: 17    XL:     9   Next: 26%
Magic:  12/13      EV: 18    Int: 13    God:    Okawaru [**....]
Gold:   192        SH:  0    Dex: 22    Spells: 10/10 levels left

rFire   . . .        a - +3 dagger (protect)
rCold   . . .        (no shield)
rNeg    . . .        b - +0 ring mail
rPois   .            (no helmet)
rElec   .            (no cloak)
rCorr   .            h - +2 pair of gloves
SInv    .            (no boots)
Will    +....        (no amulet)
Stlth   +            o - +6 ring of dexterity
HPRegen 0.32/turn    (no ring)
MPRegen 0.13/turn

%: no passive effects
@: heroic, glowing
A: sense surroundings 2, otherworldly, glowing, explore regen
a: Renounce Religion, Heroism


You were on level 7 of the Dungeon.
You worshipped Okawaru.
Okawaru was pleased with you.
You visited 2 branches of the dungeon, and saw 8 of its levels.

You collected 192 gold pieces.

Inventory:

Hand Weapons
 a - a +3 dagger of protection (weapon)
 g - a +2 short sword
Armour
 b - a +0 ring mail (worn)
 h - a +2 pair of gloves (worn)
Jewellery
 o - a +6 ring of dexterity (left hand)
Wands
 m - a wand of acid (3)
Scrolls
 k - 2 scrolls of enchant weapon
 l - a scroll of amnesia
 n - a scroll of teleportation
Potions
 c - 2 potions of haste
 d - 2 potions of curing
 e - 2 potions of heal wounds
 f - 2 potions of enlightenment
 i - a potion of might


   Skills:
 + Level 4.6(9.6) Fighting
 - Level 8.0(13.0) Short Blades
 + Level 5.3(10.3) Armour
 + Level 4.8(9.8) Dodging
 - Level 1.0(6.0) Stealth
 - Level 1.3 Spellcasting
 - Level 1.2 Summonings
 - Level 5.0 Invocations
 - Level 1.2 Evocations


You had 10 spell levels left.
You didn't know any spells.
Your spell library contained the following spells:

 Spells                   Type           Power      Damage    Failure   Level
 Poisonous Vapours        Pois/Air       0%         N/A       58%         2
 Ozocubu's Armour         Ice            0%         N/A       78%         3
 Mephitic Cloud           Conj/Pois/Air  0%         N/A       82%         3
 Freezing Cloud           Conj/Ice/Air   0%         6-21      100%        5
 Metabolic Englaciation   Hex/Ice        0%         N/A       100%        5
 Summon Small Mammal      Summ           Unusable   N/A       N/A         1
 Call Canine Familiar     Summ           Unusable   N/A       N/A         3
 Simulacrum               Ice/Necr       Unusable   N/A       N/A         6

Dungeon Overview and Level Annotations

Branches:
Dungeon (7/15) Zot: 1947   Temple (1/1) D:5 Zot: 579

Altars:
Ashenzari
Cheibriados
Elyvilon
Fedhas
Gozag
Hepliaklqana
Kikubaaqudgha
Nemelex Xobeh
Okawaru
Ru
Trog
Uskayaw
Vehumet
Xom
Yredelemnul
Zin
The Shining One

Shops:
D:2 ?


Innate Abilities, Weirdness & Mutations

You passively map the area around you.
You are easily found by Zot.
You glow in the dark.
You regain HP and MP as you explore.


Message History

The orc warrior is heavily wounded.
The boulder beetle bites you!
* * * LOW HITPOINT WARNING * * *
Unknown command.
Aiming: Corrosive Bolt
Press: ? - help, Shift-Dir - straight line, f/p - orc warrior
Aim: an orc warrior, wielding a +0 hand axe and wearing a +0 chain mail (heavily wounded, covered in acid, 68% to hit)
The bolt of acid hits the boulder beetle.
The boulder beetle is heavily wounded.
The bolt of acid hits the orc warrior.
The orc warrior seems to be corroded for longer.
The orc warrior is severely wounded.
The boulder beetle bites you.
* * * LOW HITPOINT WARNING * * *
Unknown command.
Aiming: Corrosive Bolt
Press: ? - help, Shift-Dir - straight line, f/p - orc warrior
Aim: an orc warrior, wielding a +0 hand axe and wearing a +0 chain mail (severely wounded, covered in acid, 68% to hit)
The bolt of acid hits the boulder beetle!
The acid corrodes the boulder beetle!
The boulder beetle is severely wounded.
The bolt of acid hits the orc warrior!!
The orc warrior seems to be corroded for longer.
You kill the orc warrior!
Okawaru accepts your kill. The boulder beetle bites you!
* * * LOW HITPOINT WARNING * * *
Training target 5.0 for Invocations reached!
Your Invocations skill increases to level 5!
Unknown command.
Aiming: Corrosive Bolt
Press: ? - help, Shift-Dir - straight line, f - wight
Aim: a wight, wielding a +2 heavy hand axe and wearing a +0 robe (lightly damaged, 71% to hit)
The bolt of acid hits the boulder beetle.
The boulder beetle seems to be corroded for longer.
The boulder beetle is severely wounded.
The bolt of acid hits the wight!
The acid corrodes the wight!
The wight is severely damaged.
The boulder beetle bites you!
You die...

##.............## ,, ,,
,, ................##
................# ,, *
####.....####.#.## * **
* #?.##...##.(#.#..###
* *
,#...##.##...#.##...###
* .
#..z#.#...##.##.#..)# ,
...
#WB#.#).##..##.###.# *
.....###@..###...##.#
#.. *
.........8..........#
### * ,
.....###...###...####
... ##.†#.#).## .# *.
##..~#.#)..## , <
#...##.##...#, *
#..##...##.(# , ####
... #### * * * * ,
,..... ,


You could see a boulder beetle (corroded), a phantom and a wight (corroded).

Vanquished Creatures
  Sigmund (D:6)
  A wyvern (D:6)
  An orc warrior (D:7)
  2 sky beasts
  An ice beast (D:7)
  2 black bears
  2 bullfrogs (D:7)
  2 scorpions (D:5)
  A jelly (D:7)
  A gnoll bouda (D:7)
  A hound (D:4)
  3 iguanas
  2 sleepcaps
  An orc wizard (D:6)
  3 gnolls
  4 adders
  A shadow imp (D:6)
  3 white imps (D:7)
  A worm (D:4)
  10 orcs
  4 ball pythons
  2 endoplasms
  3 giant cockroaches
  2 goblins
  4 hobgoblins (D:1)
  2 kobolds
  2 quokkas (D:4)
  A bat (D:2)
  10 frilled lizards
  2 rats (D:1)
75 creatures vanquished.

Notes
Turn   | Place    | Note
-------+----------+-------------------------------------------
     0 | D:1      | lunkers the Meteoran Wanderer began the quest for the Orb.
     0 | D:1      | lunkers set off with the following items: a +2 short sword,
                  | a +0 ring mail, a potion of haste; and the following spell
                  | memorised: Summon Small Mammal; and the following spells
                  | available to memorise: Call Canine Familiar.
     0 | D:1      | Reached XP level 1. HP: 14/14 MP: 3/3
   112 | D:1      | Reached XP level 2. HP: 20/20 MP: 5/5
   129 | D:1      | Reached skill level 4 in Short Blades
   223 | D:2      | Found Hoiclutu's Magic Scroll Emporium.
   376 | D:2      | Reached XP level 3. HP: 26/26 MP: 6/6
  1204 | D:4      | Reached XP level 4. HP: 23/33 MP: 7/7
  1231 | D:4      | Reached skill level 5 in Short Blades
  1291 | D:4      | Found a glowing silver altar of Zin.
  1347 | D:4      | Reached XP level 5. HP: 38/38 MP: 8/8
  1366 | D:4      | Reached skill level 6 in Short Blades
  1425 | D:5      | Entered Level 5 of the Dungeon
  1459 | D:5      | Reached XP level 6. HP: 25/45 MP: 9/9
  1483 | D:5      | Found a bloodstained altar of Trog.
  1510 | D:5      | Found a staircase to the Ecumenical Temple.
  1524 | Temple   | Entered the Ecumenical Temple
  1537 | Temple   | Became a worshipper of Warmaster Okawaru
  1653 | D:5      | Reached skill level 7 in Short Blades
  1689 | D:5      | Reached XP level 7. HP: 24/50 MP: 10/10
  1723 | D:5      | Reached * piety under Okawaru
  1724 | D:5      | Reached skill level 8 in Short Blades
  1724 | D:5      | Reached skill level 1 in Fighting
  1770 | D:6      | Noticed a wyvern
  1787 | D:6      | Killed a wyvern
  1788 | D:6      | Reached skill level 1 in Invocations
  1793 | D:6      | Noticed Sigmund
  1853 | D:6      | Killed Sigmund
  1853 | D:6      | Reached ** piety under Okawaru
  1854 | D:6      | Reached XP level 8. HP: 55/62 MP: 11/11
  2327 | D:7      | Gained mutation: You passively map the area around you.
                  | [Meteoran growth]
  2327 | D:7      | Reached XP level 9. HP: 54/71 MP: 11/13
  2404 | D:7      | Reached skill level 5 in Armour
  2437 | D:7      | Noticed a boulder beetle
  2453 | D:7      | Reached skill level 5 in Invocations
  2453 | D:7      | Slain by a boulder beetle

Illustrated notes

Levels and vault maps discovered:
D:1:      zelgadis_glass_arrival_small, layout_basic
D:2:      layout_basic, serial_shops, nicolae_shop_waterfront,
          minmay_lizard_pond
D:3:      layout_loops_corners
D:4:      layout_basic, overflow_temple_1_default,
          chequers_serial_rivers_small_b
D:5:      layout_cave_pools, lemuel_round_altar, minmay_temple_entry_hall
D:6:      layout_rooms, uniq_sigmund, uniq_pikel
D:7:      cheibrodos_barr_body, layout_basic
Temple:   nicolae_temple_no_exploring_needed

Skill      XL: |  1  2  3  4  5  6  7  8  9 |
---------------+----------------------------+-----
Short Blades   | 4 5 6 7 8 |  8.0
Fighting       | 2 4 |  4.6
Armour         | 3 4 5 |  5.3
Dodging        | 2 4 |  4.8
Invocations    | 2 4 5 |  5.0
Stealth        | |  1.0
Spellcasting   | |  1.3
Summonings     | |  1.2
Evocations     | |  1.2

Action                     |  1- 3 |  4- 6 |  7- 9 || total
---------------------------+-------+-------+-------++-------
  Melee: Short sword       |     9 |       |       ||     9
         Dagger            |    84 |   128 |   295 ||   507
         Punch             |       |     3 |     6 ||     9
 Invoke: Heroism           |       |       |     3 ||     3
  Evoke: Wand              |       |       |     5 ||     5
    Use: Scroll            |     8 |       |     4 ||    12
         Potion            |       |     1 |       ||     1
 Armour: Ring mail         |    47 |    51 |   105 ||   203
  Dodge: Dodged            |    27 |    31 |   103 ||   161

Table legend: (Time is in decaauts)
 A = Elapsed time spent in this place.
 B = Non-inter-level travel time spent in this place.
 C = Inter-level travel time spent in this place.
 D = Time resting spent in this place.
 E = Time spent auto-exploring this place.
 F = Levels seen in this place.
 G = Mean time per level.
                   A        B        C        D        E       F      G
               +--------+--------+--------+--------+--------+-----+--------+
         Total |   2271 |   2209 |     62 |      0 |   1463 |   8 |  283.9 |
       Dungeon |   2251 |   2194 |     57 |      0 |   1463 |   7 |  321.6 |
        Temple |     20 |     15 |      5 |      0 |      0 |   1 |   20.0 |
               +--------+--------+--------+--------+--------+-----+--------+

Top non-repeatable levels by time:
     D:3: 612 daAuts
     D:7: 335 daAuts
     D:2: 327 daAuts
     D:4: 269 daAuts
     D:5: 261 daAuts
     D:6: 254 daAuts
     D:1: 189 daAuts
  Temple: 20 daAuts
